 Dungeon Crawl Stone Soup version 0.23.0 (webtiles) character file.

Game seed: 12732881109593042739

186 tv1990 the Chopper (level 5, 0/43 HPs)
             Began as a Formicid Monk on Feb 10, 2019.
             Slain by a shadow imp (5 damage)
             ... on level 5 of the Dungeon.
             The game lasted 00:03:18 (1341 turns).

tv1990 the Chopper (Formicid Monk)                  Turns: 1341, Time: 00:03:20

Health: 0/43       AC:  5    Str: 17    XL:     5   Next: 98%
Magic:  5/5        EV: 11    Int:  9    God:
Gold:   24         SH:  0    Dex: 13    Spells: 4/4 levels left

rFire    . . .     SeeInvis +   a - +0 hand axe
rCold    . . .     Gourm    .   (no shield)
rNeg     . . .     Faith    .   k - +0 ring mail
rPois    .         Spirit   .   (helmet unavailable)
rElec    .         Reflect  .   (no cloak)
rCorr    .         Harm     .   (no gloves)
MR       .....                  (no boots)
Stlth    +.........             (no amulet)
HPRegen  0.14/turn              (no ring)
MPRegen  0.09/turn              (no ring)

@: no status effects
A: permanent stasis, dig shafts and tunnels, four strong arms, antennae 3
a: Dig, Shaft Self


You were on level 5 of the Dungeon.
You were hungry.

You visited 1 branch of the dungeon, and saw 5 of its levels.

You collected 24 gold pieces.

Inventory:

Hand Weapons
 a - a +0 hand axe (weapon)
Missiles
 d - 18 bolts
Armour
 b - a +0 robe
 k - a +0 ring mail (worn)
Scrolls
 f - a scroll of enchant armour {unknown}
 g - a scroll of teleportation {unknown}
 h - 3 scrolls of identify {unknown}
 i - 2 scrolls of fog {unknown}
Comestibles
 c - 2 rations


   Skills:
 + Level 4.4 Fighting
 * Level 4.8 Axes
 + Level 2.6 Armour
 - Level 2.6 Dodging
 - Level 2.4 Stealth


You had 4 spell levels left.
You didn't know any spells.
Your spell library was empty.

Dungeon Overview and Level Annotations

Branches:
Dungeon (6/15)
 Temple: D:4-7

Altars:

Annotations:
D:2 Jessica


Innate Abilities, Weirdness & Mutations

You cannot be hasted, slowed, berserked, paralysed or teleported.
You can dig through walls and to a lower floor.
Your four strong arms can wield two-handed weapons with a shield.
You have a pair of large antennae on your head. (SInv)


Message History

You hit the hound. The hound bites you but does no damage.
You hit the hound.
You kill the hound!
You hit the shadow imp. The shadow imp misses you.
You closely miss the shadow imp. The shadow imp barely misses you.
You barely miss the shadow imp. The shadow imp misses you.
You completely miss the shadow imp. The shadow imp hits you.
* * * LOW HITPOINT WARNING * * *
You hit the shadow imp. The shadow imp barely misses you.
You hit the shadow imp but do no damage.
The shadow imp hits you.
* * * LOW HITPOINT WARNING * * *
You hit the shadow imp but do no damage.
The shadow imp hits you but does no damage. x2
You closely miss the shadow imp. The shadow imp barely misses you.
You hit the shadow imp but do no damage.
The shadow imp hits you but does no damage.
You hit the shadow imp but do no damage.
The shadow imp hits you.
You die...

.{####....#
.{h..#....##
#..........##
#.........#
#..5....##
###....$.#
##.##.....#
#5## ##....
##@# #.. ###
#


You could see a shadow imp.

Vanquished Creatures
  2 bullfrogs
  A hound (D:5)
  An adder (D:2)
  4 goblins
  2 hobgoblins (D:1)
  A ball python (D:1)
  A bat (D:1)
  3 frilled lizards
  5 kobolds (D:1)
  A rat (D:1)
21 creatures vanquished.

Notes
Turn   | Place    | Note
-------+----------+-------------------------------------------
     0 | D:1      | tv1990 the Formicid Monk began the quest for the Orb.
     0 | D:1      | Reached XP level 1. HP: 18/18 MP: 1/1
   345 | D:1      | Reached XP level 2. HP: 24/24 MP: 2/2
   833 | D:2      | Reached skill level 1 in Armour
   833 | D:2      | Reached XP level 3. HP: 24/29 MP: 3/3
   965 | D:2      | Noticed Jessica
   976 | D:2      | You fall through a shaft!
   979 | D:3      | You fall through a shaft for 3 floors!
  1086 | D:6      | Noticed a bullfrog
  1095 | D:6      | Killed a bullfrog
  1095 | D:6      | Reached XP level 4. HP: 15/37 MP: 4/4
  1277 | D:6      | Noticed an ogre
  1283 | D:6      | Noticed a bullfrog
  1312 | D:5      | Entered Level 5 of the Dungeon
  1324 | D:5      | Killed a bullfrog
  1324 | D:5      | Reached XP level 5. HP: 17/42 MP: 5/5
  1341 | D:5      | Slain by a shadow imp

Skill      XL: |  1  2  3 |
---------------+----------+-----
Armour         | 1 2 |  2.6
Fighting       | 4 |  4.4
Axes           | 4 |  4.8
Dodging        | |  2.6
Stealth        | |  2.4

Action                   |  1- 3 |  4- 6 || total
-------------------------+-------+-------++-------
Melee: Hand axe          |    62 |    25 ||    87
 Abil: Shaft Self        |     2 |       ||     2
       Dig               |       |     2 ||     2
  Use: Scroll            |     1 |       ||     1
 Stab: Sleeping          |     2 |       ||     2
  Eat: Chunk             |     1 |     1 ||     2
Armor: Robe              |    11 |       ||    11
       Ring mail         |     7 |    18 ||    25
Dodge: Dodged            |    52 |    22 ||    74

Levels and vault maps discovered:
D:1:      giann_forest_graveyard, layout_basic, minmay_misc_feat_five,
          patterned_corridor
D:2:      layout_basic, uniq_jessica
D:3:      layout_basic, gammafunk_temple_overflow_pools,
          overflow_temple_1_default, uniq_terence
D:5:      layout_cave_pods, nicolae_dithmenos_shadow_blocks,
          lemuel_zombie_altar_kikubaaqudgha, first_ration, uniq_grinder
D:6:      layout_loops_ring, minmay_temple_entry_statues_pillars, serial_shops,
          nicolae_shop_trees
